 Dungeon Crawl Stone Soup version 0.25.1-8-g42b30a86e7 (webtiles) character file.

Game seed: 9980214605419061707

3199 gruber the Destroyer (level 9, -12/51 HPs)
             Began as an Octopode Conjurer on Dec 15, 2020.
             Was a Follower of Vehumet.
             Mangled by a death yak (17 damage)
             ... on level 8 of the Dungeon.
             The game lasted 00:09:42 (9915 turns).

gruber the Destroyer (Octopode Conjurer)            Turns: 9915, Time: 00:09:43

Health: -12/51     AC:  1    Str:  4    XL:     9   Next: 96%
Magic:  18/27      EV: 13    Int: 20    God:    Vehumet [*.....]
Gold:   340        SH:  0    Dex: 12    Spells: 10/20 levels left

rFire    . . .     SeeInvis .   c - +1 short sword (venom)
rCold    . . .     Gourm    .   (no shield)
rNeg     . . .     Faith    .   (helmet restricted)
rPois    .         Spirit   .   (no amulet)
rElec    .         Reflect  .   y - -4 ring of strength (curse)
rCorr    .         Harm     .   A - ring of magical power
MR       .....                  D - +4 ring of slaying
Stlth    +++.......             (no ring)
HPRegen  0.17/turn              (no ring)
MPRegen  0.20/turn              (no ring)
                                (no ring)
                                (no ring)

@: no status effects
A: almost no armour, stealthy swim, amphibious, 8 rings, constrict 8, camouflage
1, gelatinous body 1
a: Renounce Religion


You were on level 8 of the Dungeon.
You worshipped Vehumet.
Vehumet was aware of your devotion.
You were hungry.

You visited 2 branches of the dungeon, and saw 9 of its levels.
You also visited: Ossuary.

You collected 340 gold pieces.

Inventory:

Hand Weapons
 c - a +1 short sword of venom (weapon)
 h - a +0 dagger of electrocution
 t - a +2 whip of flaming
Jewellery
 m - an uncursed ring of fire
 y - a cursed -4 ring of strength (left tentacle)
 A - a ring of magical power (right tentacle)
 D - a +4 ring of slaying (on tentacle)
Scrolls
 f - a scroll of noise {unknown}
 g - 2 scrolls of amnesia
 i - 2 scrolls of teleportation {unknown}
 k - a scroll of fog
 o - 2 scrolls of remove curse
 q - 4 scrolls of enchant weapon
 r - a scroll of identify {unknown}
 u - a scroll of blinking {unknown}
 w - 3 scrolls of magic mapping {unknown}
 x - a scroll of silence {unknown}
 B - a scroll of fear {unknown}
 C - 3 scrolls of immolation {unknown}
Potions
 a - 4 potions of curing {unknown}
 d - 4 potions of heal wounds {unknown}
 e - 3 potions of might {unknown}
 j - 2 potions of invisibility {unknown}
 l - 3 potions of mutation {unknown}
 n - a potion of brilliance {unknown}
 p - a potion of haste {unknown}
 s - 2 potions of magic {unknown}
 v - 2 potions of stabbing {unknown}
 z - 2 potions of resistance {unknown}
 E - 3 potions of flight {unknown}
 F - a potion of degeneration {unknown}
Comestibles
 b - 15 rations
 G - 3 chunks of flesh


   Skills:
 - Level 2.0 Dodging
 - Level 2.6 Stealth
 * Level 6.3 Spellcasting
 - Level 12.3 Conjurations


You had 10 spell levels left.
You knew the following spells:

 Your Spells              Type           Power        Failure   Level  Hunger
a - Magic Dart            Conj           ####         1%          1    None
b - Searing Ray           Conj           ######       1%          2    None
c - Dazzling Flash        Conj/Hex       ####..       2%          3    ##.....
d - Iskenderun's Mystic   Conj/Tloc      ####....     9%          4    ####...

Your spell library contained the following spells:

 Spells                   Type           Power        Failure   Level  Hunger
 Sandblast                Erth           #.....       10%         1    None
 Fulminant Prism          Conj/Hex       ####......   9%          4    ####...


Dungeon Overview and Level Annotations

Branches:
Dungeon (8/15)             Temple (1/1) D:6         Ossuary (visited)
   Lair: D:8-11

Altars:
Ashenzari
Dithmenos
Elyvilon
Fedhas
Hepliaklqana
Kikubaaqudgha
Makhleb
Qazlal
Ru
Uskayaw
Vehumet
Wu Jian
Yredelemnul
Zin

Shops:
D:5 =


Innate Abilities, Weirdness & Mutations

You cannot wear most types of armour.
You are very stealthy in the water. (Stealth+)
You are amphibious.
You can wear up to eight rings at the same time.
You can use your tentacles to constrict eight enemies at once.
Your skin changes colour to match your surroundings (Stealth+).
Your rubbery body absorbs attacks. (AC +1, EV +1)


Message History

Unknown command.
Unknown command.
Unknown command.
The death yak is no longer blind.
Casting: Dazzling Flash (dangerous; 2% risk of failure)
Confirm with . or Enter, or press ? or * to list all spells.
Unknown command.
Unknown command.
Casting: Dazzling Flash (dangerous; 2% risk of failure)
Confirm with . or Enter, or press ? or * to list all spells.
The death yak gores you!
* * * LOW HITPOINT WARNING * * *
Unknown command.
Unknown command.
Unknown command.
Casting: Dazzling Flash (dangerous; 2% risk of failure)
Confirm with . or Enter, or press ? or * to list all spells.
You are feeling hungry.
The death yak gores you!
You die...

.# #.## _. ._ #.#.
#####..#######..# ...#
##.#.##.........# #..#
#.....#####.# #### #..#
##.#..Y@..#'# #..####..#
#Y##...#.#.# #.........
#####.######.#.###..####...
#..........>........####.##
#.##...#.................<.
#..#.......#####...######
#....#...#.# #.....#
#.#.###.##.# #...#.####
#.#. #.##.# #.........


You could see a death yak.

Vanquished Creatures
  Pikel (D:4)
  Edmund (D:4)
  3 soldier ants (D:8)
  A water moccasin (D:6)
  2 orc warriors (D:6)
  A slave (D:4)
  A phantom (D:8)
  An ogre (D:4)
  3 centaurs
  A big kobold (D:7)
  An elf zombie (Ossuary)
  2 bullfrogs
  A wyvern zombie (D:7)
  Blork the orc (D:4)
  5 wights (D:6)
  A bullfrog zombie (D:7)
  A centaur zombie (D:6)
  4 hounds
  A human zombie (Ossuary)
  2 orc priests
  3 iguanas
  4 orc wizards (D:6)
  7 worker ants
  4 hound skeletons
  4 mummies (Ossuary)
  A howler monkey zombie (D:3)
  2 worker ant zombies
  7 adders
  3 gnolls (D:3)
  A howler monkey skeleton (D:6)
  2 oozes
  5 adder skeletons
  An adder zombie (Ossuary)
  4 worms
  A dart slug (D:3)
  3 leopard geckos
  12 orcs
  A ball python (D:4)
  5 giant cockroaches
  2 gnoll zombies (Ossuary)
  5 hobgoblins
  4 jackals
  3 quokkas
  9 bats
  5 frilled lizards
  A giant cockroach zombie (D:3)
  8 goblins
  2 goblin zombies (Ossuary)
  2 hobgoblin zombies (Ossuary)
  15 kobolds
  3 leopard gecko zombies
  An orc zombie (Ossuary)
  A quokka skeleton (D:3)
  3 rats
  2 rat zombies (Ossuary)
170 creatures vanquished.

Notes
Turn   | Place    | Note
-------+----------+-------------------------------------------
     0 | D:1      | gruber the Octopode Conjurer began the quest for the Orb.
     0 | D:1      | Reached XP level 1. HP: 11/11 MP: 3/3
   366 | D:1      | Reached XP level 2. HP: 13/17 MP: 1/5
   617 | D:1      | Learned a level 2 spell: Searing Ray
  1139 | D:2      | Reached XP level 3. HP: 10/21 MP: 1/6
  1298 | D:2      | Reached skill level 5 in Conjurations
  2372 | D:3      | HP: 1/21 [worm (11)]
  2379 | D:3      | Reached XP level 4. HP: 2/27 MP: 3/7
  2865 | D:3      | Reached skill level 6 in Conjurations
  2942 | D:3      | Reached XP level 5. HP: 31/31 MP: 8/8
  3969 | D:4      | Noticed a slave
  3971 | D:4      | Noticed a slave
  3971 | D:4      | Noticed a slave
  3972 | D:4      | Noticed Pikel
  3972 | D:4      | Noticed a slave
  4032 | D:4      | Reached skill level 7 in Conjurations
  4032 | D:4      | Reached XP level 6. HP: 29/36 MP: 6/9
  4210 | D:4      | Noticed Blork the orc
  4214 | D:4      | Killed Blork the orc
  4338 | D:4      | Killed a slave
  4410 | D:4      | Noticed Edmund
  4431 | D:4      | Killed Edmund
  4431 | D:4      | Reached skill level 8 in Conjurations
  4431 | D:4      | Reached XP level 7. HP: 41/41 MP: 2/10
  4545 | D:4      | Killed Pikel
  4545 | D:4      | Reached skill level 9 in Conjurations
  4545 | D:4      | Reached XP level 8. HP: 35/46 MP: 2/11
  4766 | D:4      | Reached skill level 10 in Conjurations
  4986 | D:4      | Found a shadowy altar of Dithmenos.
  4987 | D:4      | Found a hazy altar of Hepliaklqana.
  4990 | D:4      | Noticed a shadow
  5170 | D:5      | Entered Level 5 of the Dungeon
  5516 | D:5      | Found Qiyb Osh's Jewellery Emporium.
  5635 | D:5      | Found a white marble altar of Elyvilon.
  6955 | D:6      | Reached skill level 11 in Conjurations
  7450 | D:6      | Reached XP level 9. HP: 43/51 MP: 12/12
  7513 | D:6      | Found a staircase to the Ecumenical Temple.
  7577 | Temple   | Entered the Ecumenical Temple
  7707 | Temple   | Became a worshipper of Vehumet
  7987 | D:6      | Learned a level 3 spell: Dazzling Flash
  7992 | D:6      | Learned a level 4 spell: Iskenderun's Mystic Blast
  8078 | D:6      | Reached skill level 12 in Conjurations
  8676 | D:7      | Reached * piety under Vehumet
  8676 | D:7      | Offered knowledge of Shock by Vehumet.
  9081 | D:8      | Found an ornate altar of the Wu Jian Council.
  9081 | D:8      | Found a blossoming altar of Fedhas.
  9195 | D:8      | Noticed a queen bee
  9222 | D:8      | Found a sand-covered staircase.
  9230 | Ossuary  | Entered an ossuary
  9259 | Ossuary  | Reached skill level 5 in Spellcasting
  9770 | D:8      | Offered knowledge of Sandblast by Vehumet.
  9801 | D:8      | Noticed a death yak
  9915 | D:8      | Mangled by a death yak

Illustrated notes

Levels and vault maps discovered:
D:1:      heliophobic_arrival_dark_side_of_the_moon, layout_basic,
          chequers_mini_garden, minmay_small_reverse_x
D:2:      layout_basic
D:3:      layout_loops_ring, serial_undead, serial_undead_f, serial_undead_b,
          serial_undead_b, serial_undead_b, serial_undead_d, serial_undead_e,
          serial_undead_c, serial_undead_a
D:4:      layout_basic, riverfiend_overflow_shadow_ancestor, first_ration,
          ebering_dispersal_statue_hall, uniq_pikel, uniq_blork_the_orc,
          uniq_edmund
D:5:      layout_basic, nicolae_overflow_crystal_walls, serial_shops,
          nicolae_shop_trees
D:6:      layout_loops_cross, minmay_temple_entry_large_hall
D:7:      layout_rooms
D:8:      layout_loops_ring, chequers_temple_overflow_minitemple,
          dpeg_lair_monsters, enter_ossuary_1, kennysheep_decorative_pillar,
          david_nohive_1, zaba_anthell
Temple:   minmay_temple_curvy_loop

Skill      XL: |  1  2  3  4  5  6  7  8  9 |
---------------+----------------------------+-----
Conjurations   | 5 6 7 8 9 11 12 | 12.3
Spellcasting   | 6 |  6.3
Dodging        | |  2.0
Stealth        | |  2.6

Action                   |  1- 3 |  4- 6 |  7- 9 || total
-------------------------+-------+-------+-------++-------
Melee: Unarmed           |    31 |       |       ||    31
       Constrict         |    23 |    19 |    15 ||    57
       Tentacles         |    10 |    16 |    13 ||    39
       Short sword       |    32 |    70 |    67 ||   169
       Dagger            |     1 |       |       ||     1
 Cast: Magic Dart        |    18 |       |     3 ||    21
       Searing Ray       |     3 |    15 |    62 ||    80
       Dazzling Flash    |       |       |     4 ||     4
  Use: Scroll            |       |     4 |       ||     4
 Stab: Sleeping          |    10 |     6 |     3 ||    19
  Eat: Chunk             |     4 |     8 |    19 ||    31
Armor: Skin              |     5 |     5 |     9 ||    19
Dodge: Dodged            |    35 |    47 |    95 ||   177
